 Dungeon Crawl Stone Soup version 0.24.0-125-gc4c63601f3 (webtiles) character file.

Game seed: 6560660014805373464, levelgen mode: deterministic

20677 Curus the Cruncher (level 12, -3/100 HPs)
             Began as a Minotaur Gladiator on Feb 19, 2020.
             Was a High Priest of Trog.
             Killed from afar by a rime drake (24 damage)
             ... with a flash freeze
             ... on level 3 of the Lair of Beasts.
             The game lasted 00:42:26 (10205 turns).

Curus the Cruncher (Minotaur Gladiator)            Turns: 10205, Time: 00:42:27

Health: -3/100     AC: 17    Str: 22    XL:     12   Next: 47%
Magic:  18/18      EV: 19    Int:  7    God:    Trog [*****.]
Gold:   540        SH:  0    Dex: 14    Spells: 11/11 levels left

rFire    + . .     SeeInvis +   a - +4 quarterstaff (flame)
rCold    . . .     Gourm    .   (shield currently unavailable)
rNeg     . . .     Faith    .   b - +3 leather armour
rPois    .         Spirit   .   F - +2 hat
rElec    .         Reflect  .   (no cloak)
rCorr    .         Harm     .   p - +2 pair of gloves
MR       .....                  (no boots)
Stlth    +.........             t - amulet of regeneration
HPRegen  0.66/turn              N - ring of protection from fire
MPRegen  0.16/turn              r - +6 ring of protection

@: sleeping
A: retaliatory headbutt, horns 2, see invisible, frail 1, strong 1
a: Berserk, Trog's Hand, Brothers in Arms, Renounce Religion


You were on level 3 of the Lair of Beasts.
You worshipped Trog.
Trog was extremely pleased with you.
You were hungry.

You visited 2 branches of the dungeon, and saw 14 of its levels.
You also visited: Sewer.

You collected 735 gold pieces.
You spent 195 gold pieces at shops.

Inventory:

Hand Weapons
 a - a +4 quarterstaff of flaming (weapon)
 y - a +3 antimagic quarterstaff
Missiles
 d - 3 throwing nets (quivered)
Armour
 b - a +3 leather armour (worn)
 c - a +1 hat
 o - a +0 ring mail
 p - a +2 pair of gloves (worn)
 q - a +1 pair of gloves
 F - a +2 hat (worn)
Jewellery
 h - a +3 ring of protection
 j - an uncursed ring of ice
 r - a +6 ring of protection (right hand)
 t - an amulet of regeneration (around neck)
 u - a cursed amulet of inaccuracy
 v - an uncursed amulet of magic regeneration
 x - an uncursed ring of see invisible
 B - an uncursed amulet of harm
 E - an uncursed ring of ice
 G - an uncursed ring of attention
 I - a +3 amulet of reflection
 N - a ring of protection from fire (left hand)
 Q - an uncursed ring of wizardry
Wands
 s - a wand of flame (27)
 w - a wand of disintegration (15)
 A - a wand of scattershot (3)
 D - a wand of acid (4)
 H - a wand of enslavement (4)
 K - a wand of polymorph (4)
 L - a wand of random effects (19)
 M - a wand of iceblast (10)
Scrolls
 e - 4 scrolls of blinking
 g - 5 scrolls of teleportation
 l - 6 scrolls of remove curse
 m - 6 scrolls of magic mapping
 n - 3 scrolls of fear
 z - 2 scrolls of enchant weapon
 C - 2 scrolls of fog
Potions
 i - 7 potions of curing
 k - 3 potions of flight
 J - a potion of haste
 O - a potion of heal wounds
Comestibles
 f - 11 rations
 P - a chunk of flesh


   Skills:
 - Level 11.8 Fighting
 - Level 14.0 Staves
 - Level 2.0 Throwing
 - Level 11.2 Dodging
 + Level 9.6 Evocations


You had 11 spell levels left.
You didn't know any spells.
Your spell library was empty.

Dungeon Overview and Level Annotations

Branches:
Dungeon (11/15)            Temple (0/1) D:5            Lair (3/6) D:11
  Sewer (visited)
  Swamp: Lair:2-4    Shoals: Lair:2-4     Snake: Lair:2-4    Spider: Lair:2-4
    Orc: D:9-12

Altars:
Cheibriados
Nemelex Xobeh
Sif Muna
Trog
Uskayaw
Yredelemnul

Shops:
D:5 =   D:10 }


Innate Abilities, Weirdness & Mutations

You reflexively headbutt those who attack you in melee.
You have a pair of horns on your head.
You have supernaturally acute eyesight. (SInv)
You are frail. (-10% HP)
Your muscles are strong. (Str +2)


Message History

The dream sheep bites you but does no damage.
The rime drake breathes ice at you. The flash freeze hits you!!
* * * LOW HITPOINT WARNING * * *
You are encased in ice.
The dream sheep bites you!
* * * LOW HITPOINT WARNING * * *
The rime drake bites you but does no damage.
The dream sheep closely misses you.
The dream sheep ruffle their wool and motes of dream dust sparkle, to no effect.
The dream sheep shake their wool and sparkle.
You feel drowsy...
You fall asleep.
The rime drake closely misses you. The dream sheep closely misses you.
The rime drake completely misses you. The ice encasing you melts away.
The rime drake completely misses you. The dream sheep misses you.
You are feeling hungry.
The rime drake breathes ice at you. The flash freeze hits you!!
You die...

##+.##..(.......
................
.............. .
............ ..
.........l## # #.
####.......# .# .
#.##..##...Y†#...##. ..
##.....+..Yk##...#..
...#.....#....Y@.....#.
.........##...Y##...... .#
...P.....##†÷........#...#
...P...<..#.........##...#
...#.....##.....P.#.##...##
....#....##.....#.##.....P#
...#######...............#
... #...............#
.................##


You could see a rime drake and 4 dream sheep.

Vanquished Creatures
  2 hydras
  A rakshasa (D:10)
  2 two-headed ogres (D:11)
  Erica (D:8)
  A queen ant (Lair:2)
  Nergalle (Lair:1)
  Pikel (D:8)
  A black mamba (Lair:1)
  A spiny frog (Lair:1)
  A komodo dragon (Lair:1)
  A troll (D:10)
  Prince Ribbit (D:8)
  3 blink frogs (Lair:3)
  3 dream sheep (Lair:3)
  Sigmund (D:4)
  2 hippogriffs
  5 yaks (Lair:1)
  A wyvern (D:10)
  A vampire (D:11)
  Grum (D:8)
  20 soldier ants (Lair:2)
  2 water moccasins
  6 porcupines
  3 orc warriors
  2 phantoms
  2 sky beasts
  5 ice beasts
  7 ogres
  2 black bears
  7 centaurs
  5 wolves
  A big kobold (Sewer)
  5 crocodiles
  Blork the orc (D:4)
  16 bullfrogs
  A gnoll sergeant (D:9)
  2 scorpions
  11 killer bees
  11 wights
  4 howler monkeys
  2 centaur zombies (D:10)
  6 crimson imps
  3 bullfrog zombies
  7 jellies
  A quasit (D:7)
  4 orc priests
  7 hounds
  2 bullfrog skeletons
  10 orc wizards
  Ijyb (D:5)
  Jessica (D:8)
  2 centaur skeletons
  5 iguanas
  Natasha (twice) (D:4)
  25 worker ants
  A killer bee zombie (D:10)
  A worker ant zombie (D:6)
  3 gnolls (D:9)
  2 river rats (Sewer)
  7 adders
  An adder zombie (D:9)
  2 adder skeletons
  2 worms (D:3)
  4 dart slugs
  4 leopard geckos
  38 orcs
  8 giant cockroaches
  5 goblins
  6 hobgoblins
  17 jackals
  7 kobolds
  6 quokkas
  3 ball pythons (D:3)
  5 bats
  4 frilled lizards
  2 gnoll zombies (D:5)
  A jackal skeleton (D:4)
  A quokka zombie (D:5)
  17 rats
369 creatures vanquished.

Vanquished Creatures (collateral kills)
  A hippogriff (Lair:2)
  A wyvern (D:10)
  A hound (D:10)
  A worker ant (Lair:2)
4 creatures vanquished.

Vanquished Creatures (others)
  2 orcs (D:10)
  3 fungi
  A plant (Lair:1)
6 creatures vanquished.

Grand Total: 379 creatures vanquished

Notes
Turn   | Place    | Note
-------+----------+-------------------------------------------
     0 | D:1      | Curus the Minotaur Gladiator began the quest for the Orb.
     0 | D:1      | Reached XP level 1. HP: 18/18 MP: 0/0
    27 | D:1      | Reached skill level 4 in Staves
    29 | D:1      | Reached XP level 2. HP: 17/25 MP: 1/1
   421 | D:2      | Found a snail-covered altar of Cheibriados.
   424 | D:2      | Reached skill level 5 in Staves
   593 | D:2      | Reached XP level 3. HP: 30/30 MP: 2/2
  1151 | D:3      | Found a hide-covered altar of Uskayaw.
  1167 | D:3      | Reached skill level 6 in Staves
  1167 | D:3      | Reached XP level 4. HP: 37/37 MP: 3/3
  1199 | D:3      | Found a bloodstained altar of Trog.
  1207 | D:3      | Became a worshipper of Trog the Wrathful
  1250 | D:3      | Found a glowing drain.
  1258 | Sewer    | Entered a sewer
  1313 | Sewer    | Noticed a big kobold
  1320 | Sewer    | Killed a big kobold
  1320 | Sewer    | Reached skill level 7 in Staves
  1320 | Sewer    | Reached XP level 5. HP: 36/42 MP: 4/4
  1511 | Sewer    | Found a glowing silver altar of Zin.
  1690 | D:3      | Reached * piety under Trog
  1871 | D:3      | Found a shimmering blue altar of Sif Muna.
  2009 | D:4      | Noticed Sigmund
  2015 | D:4      | Killed Sigmund
  2015 | D:4      | Reached skill level 8 in Staves
  2015 | D:4      | Reached XP level 6. HP: 50/50 MP: 5/5
  2022 | D:4      | Reached skill level 9 in Staves
  2256 | D:4      | Noticed Blork the orc
  2263 | D:4      | Killed Blork the orc
  2286 | D:4      | Reached XP level 7. HP: 46/56 MP: 6/6
  2331 | D:4      | Noticed Natasha
  2337 | D:4      | Killed Natasha
  2340 | D:4      | Reached skill level 10 in Staves
  2596 | D:4      | Noticed Natasha
  2601 | D:4      | Killed Natasha
  2661 | D:4      | You fall into a shaft and drop 2 floors!
  2699 | D:5      | Entered Level 5 of the Dungeon
  3041 | D:5      | Reached skill level 11 in Staves
  3052 | D:5      | Reached ** piety under Trog
  3085 | D:5      | Reached XP level 8. HP: 55/62 MP: 7/7
  3101 | D:5      | Found a staircase to the Ecumenical Temple.
  3183 | D:5      | Reached skill level 12 in Staves
  3247 | D:5      | Found a basalt altar of Yredelemnul.
  3305 | D:5      | Noticed Ijyb
  3317 | D:5      | Killed Ijyb
  3322 | D:5      | Found Ropsip's Jewellery Boutique.
  3330 | D:5      | Bought an uncursed ring of see invisible for 195 gold
                  | pieces
  3535 | D:5      | Found a sparkling altar of Nemelex Xobeh.
  3866 | D:6      | Reached skill level 13 in Staves
  4144 | D:6      | Reached XP level 9. HP: 60/68 MP: 8/8
  4199 | D:6      | Reached skill level 14 in Staves
  4366 | D:7      | Reached *** piety under Trog
  4413 | D:7      | Reached skill level 5 in Dodging
  4547 | D:7      | Reached skill level 5 in Fighting
  5204 | D:8      | Noticed Prince Ribbit
  5215 | D:8      | Killed Prince Ribbit
  5254 | D:8      | Reached XP level 10. HP: 86/86 MP: 9/9
  5266 | D:8      | Reached **** piety under Trog
  5364 | D:8      | Noticed Grum
  5383 | D:8      | Killed Grum
  5496 | D:8      | Noticed Pikel
  5497 | D:8      | Noticed Erica
  5504 | D:8      | Killed Pikel
  5515 | D:8      | Killed Erica
  5606 | D:8      | Noticed Jessica
  5613 | D:8      | Killed Jessica
  5620 | D:8      | Found a shimmering blue altar of Sif Muna.
  6993 | D:10     | Entered Level 10 of the Dungeon
  7211 | D:10     | Reached skill level 10 in Fighting
  7312 | D:10     | Noticed a rakshasa
  7336 | D:10     | Killed a rakshasa
  7364 | D:10     | Reached skill level 10 in Dodging
  7368 | D:10     | Reached XP level 11. HP: 97/101 MP: 10/10
  7487 | D:10     | Found Lyrilavo's Gadget Emporium.
  8075 | D:11     | Noticed a two-headed ogre
  8082 | D:11     | Killed a two-headed ogre
  8134 | D:11     | Reached ***** piety under Trog
  8139 | D:11     | Noticed a two-headed ogre
  8154 | D:11     | Killed a two-headed ogre
  8159 | D:11     | Found a staircase to the Lair.
  8214 | Lair:1   | Entered Level 1 of the Lair of Beasts
  8220 | Lair:1   | Reached skill level 1 in Evocations
  8270 | Lair:1   | Noticed Nergalle
  8290 | Lair:1   | Killed Nergalle
  8327 | Lair:1   | Noticed an eight-headed hydra
  8344 | Lair:1   | Killed an eight-headed hydra
  8398 | Lair:1   | Reached skill level 5 in Evocations
  8500 | Lair:1   | Received a gift from Trog
  9211 | Lair:2   | Reached XP level 12. HP: 95/112 MP: 15/15
  9217 | Lair:2   | Noticed a queen ant
  9231 | Lair:2   | Killed a queen ant
  9614 | Lair:2   | Noticed a six-headed hydra
  9620 | Lair:2   | Killed a six-headed hydra
  9676 | Lair:2   | Gained mutation: You are frail. (-10% HP) [potion of
                  | mutation]
  9676 | Lair:2   | Gained mutation: Your muscles are strong. (Str +2) [potion
                  | of mutation]
  9676 | Lair:2   | Gained mutation: You have supernaturally acute eyesight.
                  | (SInv) [potion of mutation]
 10205 | Lair:3   | Killed from afar by a rime drake

Levels and vault maps discovered:
D:1:      lemuel_arrival_broad_hall, layout_rooms
D:2:      layout_basic, nicolae_overflow_crystal_walls, moated_statue,
          amethyst_killhole
D:3:      layout_loops_ring, lemuel_doored_altar,
          eat_drink_and_be_merry_uskayaw, portal_sewer_entry_e, bloody_trog
D:4:      layout_basic, uniq_natasha, uniq_blork_the_orc, uniq_sigmund
D:5:      layout_cave_pools, lemuel_zombie_altar_yredelemnul,
          lemuel_coloured_pillars_altar, minmay_temple_entry_grid, first_ration,
          serial_shops, shop, chequers_serial_rivers_small_a, uniq_ijyb
D:6:      layout_loops_ring, kennysheep_generic_room_6
D:7:      layout_gridville
D:8:      layout_basic, tgw_sif, uniq_grum, uniq_pikel, uniq_erica,
          uniq_prince_ribbit1
D:9:      layout_grid_maze
D:10:     layout_gridville, serial_shops, shop
D:11:     layout_stronghold, due_lair_maze_entry_diamond, enter_trove_6,
          hangedman_ranch [blue_anna_fruit_fields]
Lair:1:   layout_small_grid, grunt_megastairs_2, uniq_nergalle
Lair:2:   layout_chaotic_city, minivault_29
Lair:3:   layout_regular_city, minmay_shoals_entry_centaurs,
          guppyfry_snake_entry_island, lemuel_fruit_tree,
          minmay_lair_oklob_chamber, serial_bayou_shore_a

Skill      XL: |  1  2  3  4  5  6  7  8  9 10 11 12 |
---------------+-------------------------------------+-----
Staves         | 4 5 6 7 8 9 11 13 14 | 14.0
Fighting       | 7 10 11 | 11.8
Dodging        | 7 10 11 | 11.2
Evocations     | 6 9 |  9.6
Throwing       | |  2.0

Action                   |  1- 3 |  4- 6 |  7- 9 | 10-12 || total
-------------------------+-------+-------+-------+-------++-------
Melee: Quarterstaff      |    86 |   112 |   320 |   541 ||  1059
       Headbutt          |     4 |     9 |    55 |   119 ||   187
Invok: Berserk           |       |       |     1 |     4 ||     5
       Brothers in Arms  |       |       |       |     2 ||     2
Evoke: Wand              |       |       |     6 |     1 ||     7
  Use: Scroll            |     5 |     3 |    10 |     8 ||    26
       Potion            |     2 |     1 |     4 |     7 ||    14
 Stab: Sleeping          |       |     1 |       |     1 ||     2
       Invisible         |       |       |       |     4 ||     4
  Eat: Chunk             |     1 |     3 |     8 |     9 ||    21
       Ration            |       |       |     1 |     3 ||     4
Armor: Leather armour    |    30 |    32 |   119 |   142 ||   323
Dodge: Dodged            |    47 |    75 |   157 |   332 ||   611
